 Dungeon Crawl Stone Soup version 0.24.0-123-gd5b16e6ec5 (webtiles) character file.

Game seed: 15852801781473926256, levelgen mode: deterministic

11 Descartes the Magician (level 2, -3/16 HPs)
             Began as a Gargoyle Wanderer on Jan 21, 2020.
             Slain by a gnoll
             ... wielding a +0 spear
              (5 damage)
             ... on level 1 of the Dungeon.
             The game lasted 00:02:04 (345 turns).

Descartes the Magician (Gargoyle Wanderer)           Turns: 345, Time: 00:02:05

Health: -3/16      AC:  4    Str: 16    XL:     2   Next: 25%
Magic:  5/5        EV: 11    Int: 11    God:
Gold:   0          SH:  0    Dex:  9    Spells: 4/5 levels left

rFire    . . .     SeeInvis .   a - +0 mace
rCold    . . .     Gourm    .   (no shield)
rNeg     + . .     Faith    .   c - +0 robe
rPois    ∞         Spirit   .   (no helmet)
rElec    +         Reflect  .   (no cloak)
rCorr    .         Harm     .   (no gloves)
MR       .....                  (no boots)
Stlth    +.........             e - amulet of magic regeneration
HPRegen  0.05/turn              (no ring)
MPRegen  0.34/turn              (no ring)

@: no status effects
A: negative energy resistance 1, electricity resistance, unbreathing,
petrification resistance, rot immunity, AC +2
a: no special abilities


You were on level 1 of the Dungeon.
You were not hungry.

You visited 1 branch of the dungeon, and saw 1 of its levels.

Inventory:

Hand Weapons
 a - a +0 mace (weapon)
Armour
 c - a +0 robe (worn)
Jewellery
 e - an amulet of magic regeneration (around neck)
Potions
 f - 2 potions of agility {unknown}
Comestibles
 d - a ration


   Skills:
 + Level 1.5 Fighting
 - Level 1.0 Maces & Flails
 - Level 1.7 Throwing
 + Level 1.4 Armour
 + Level 2.1 Spellcasting
 + Level 0.8 Conjurations
   Level 1.0 Charms
   Level 1.5 Necromancy


You had 4 spell levels left.
You knew the following spells:

 Your Spells              Type           Power        Failure   Level  Hunger
a - Magic Dart            Conj           #...         21%         1    ##.....

Your spell library contained the following spells:

 Spells                   Type           Power        Failure   Level  Hunger
 Blink                    Tloc           N/A          41%         2    ###....
 Call Imp                 Summ           #.......     41%         2    ###....
 Slow                     Hex            #.......     41%         2    ###....
 Conjure Flame            Conj/Fire      #.......     58%         3    ####...
 Mephitic Cloud           Conj/Pois/Air  #.......     58%         3    ####...


Dungeon Overview and Level Annotations

Branches:
Dungeon (1/15)

Altars:


Innate Abilities, Weirdness & Mutations

You are resistant to torment.
Your stone body is resilient. (AC +2)
You are immune to poison.
You resist negative energy. (rN+)
You are resistant to electric shocks. (rElec)
You can survive without breathing.
You are immune to petrification.
You are immune to rotting.


Message History

There's nothing to close nearby.
You start resting.
A gnoll opens the door.
It is wielding a +0 spear.
The gnoll barely misses you.
There is an open door here.
You barely miss the gnoll. The gnoll closely misses you.
The gnoll completely misses you.
You completely miss the gnoll. The gnoll closely misses you.
You barely miss the gnoll. The gnoll barely misses you.
You closely miss the gnoll. The gnoll hits you but does no damage.
The gnoll hits you with a +0 spear!
Ouch! That really hurt!
* * * LOW HITPOINT WARNING * * *
You hit the gnoll.
The gnoll is lightly wounded.
The gnoll hits you but does no damage.
You barely miss the gnoll.
The gnoll is lightly wounded.
The gnoll hits you with a +0 spear.
You die...

#># ##)## #.# #.#
#.# #.# #.# #.# #.#
#.#
#.######.#########
#.##.............#
#.##..........g..#
#.##..#######@#..#
#.##..#.......#..#
#.....#.......#g.#
####..#.......#..#
#).#...<...+..#
#..+.......#..#
#..#.......#..####
#..#.......#.....#
#..#.......#..##...#


You could see a gnoll.

Vanquished Creatures
  An ooze (D:1)
  A giant cockroach (D:1)
  3 hobgoblins (D:1)
  A frilled lizard (D:1)
6 creatures vanquished.

Notes
Turn   | Place    | Note
-------+----------+-------------------------------------------
     0 | D:1      | Descartes the Gargoyle Wanderer began the quest for the
                  | Orb.
     0 | D:1      | Descartes set off with the following items: a +0 mace, a +0
                  | robe, a ration; and the following spell memorised: Magic
                  | Dart; and the following spells available to memorise:
                  | Blink, Call Imp, Slow, Conjure Flame, Mephitic Cloud
     0 | D:1      | Reached XP level 1. HP: 12/12 MP: 3/3
    20 | D:1      | Reached XP level 2. HP: 15/16 MP: 5/5
   345 | D:1      | Slain by a gnoll

Levels and vault maps discovered:
D:1:      lemuel_arrival_room, layout_loops_ring, st_stairs_13,
          patterned_corridor

Action                   || total
-------------------------++-------
Melee: Mace              ||    23
Armor: Robe              ||     9
Dodge: Dodged            ||    14
